 Dungeon Crawl Stone Soup version 0.20-a0-537-g052e6ba (webtiles) character file.

174693 hairmachine the Bludgeoner (level 18, -1/153 HPs)
             Began as a Formicid Abyssal Knight on Jan 25, 2017.
             Was a High Priest of Lugonu.
             Slain by a nagaraja
             ... wielding a +0 halberd
              (16 damage)
             ... on level 3 of the Snake Pit on Jan 27, 2017.
             The game lasted 02:24:44 (44546 turns).

hairmachine the Bludgeoner (FoAK)                  Turns: 44546, Time: 02:24:46

Health: -1/153     AC: 34    Str: 28    XL:     18   Next: 72%
Magic:  18/25      EV:  2    Int: 16    God:    Lugonu [*****.]
Gold:   2358       SH: 19    Dex: 10    Spells: 17/17 levels left

rFire    + + .     SeeInvis +   V - +4 great mace
rCold    . . .     Gourm    .   i - +2 crystal plate armour
rNeg     + . .     Faith    .   z - +0 large shield
rPois    .         Spirit   .   (helmet unavailable)
rElec    .         Reflect  .   y - +2 cloak {+Inv}
rCorr    .         Harm     .   j - +2 pair of gloves
MR       ++...                  H - +0 pair of boots "Wasinilu" {rN+ Int+2}
Stlth    ..........             r - amulet of regeneration
Regen    0.8/turn               h - ring "Nuuvu" {rF++ Stlth-}
                                m - ring of protection from magic {MR+, !d}

@: mighty, constricted
A: permanent stasis, dig shafts and tunnels, four strong arms, antennae 3
a: Dig, Shaft Self, Depart the Abyss, Bend Space, Banish, Corrupt, Enter the
Abyss, Renounce Religion, Evoke Invisibility


You were on level 3 of the Snake Pit.
You worshipped Lugonu.
Lugonu was extremely pleased with you.
You were not hungry.

You visited 5 branches of the dungeon, and saw 29 of its levels.
You visited the Abyss 2 times.

You collected 2698 gold pieces.
You spent 340 gold pieces at shops.


Innate Abilities, Weirdness & Mutations

You cannot be hasted, slowed, berserked, paralysed or teleported.
You can dig through walls and to a lower floor.
Your four strong arms can wield two-handed weapons with a shield.
You have a pair of large antennae on your head. (SInv)


   Skills:
 + Level 16.6 Fighting
 + Level 18.6 Maces & Flails
 - Level 8.3 Crossbows
 - Level 14.8 Armour
 - Level 0.8 Dodging
 + Level 11.8 Shields
 - Level 10.0 Invocations


You had 17 spell levels left.
You didn't know any spells.

Inventory:

Hand Weapons
 a - a +0 arbalest
   (You took it off an orc knight on level 1 of the Orcish Mines)
 V - a +4 great mace (weapon)
   (You found it on level 1 of the Lair of Beasts)
Missiles
 e - 2 throwing nets {!f=f, !d}
 A - 164 bolts
Armour
 g - a +0 pair of gloves
   (You found it on level 2 of the Dungeon)
 i - a +2 crystal plate armour (worn)
   (You found it on level 4 of the Lair of Beasts)
 j - a +2 pair of gloves (worn)
   (You found it on level 2 of the Snake Pit)
 y - a +2 cloak of invisibility (worn)
   (You found it on level 2 of the Snake Pit)
 z - a +0 large shield (worn)
   (You took it off a naga warrior on level 2 of the Snake Pit)
 H - the +0 pair of boots "Wasinilu" (worn) {rN+ Int+2}
   (You bought it in a shop on level 14 of the Dungeon)

   It affects your intelligence (+2).
   It protects you from negative energy.
Jewellery
 h - the ring "Nuuvu" (right hand) {rF++ Stlth-}
   (You found it on level 6 of the Lair of Beasts)

   [ring of loudness]

   It greatly protects you from fire.
   It makes you less stealthy.
 m - a ring of protection from magic (left hand) {MR+, !d}
   (You took it off an orc on level 15 of the Dungeon)
 r - an amulet of regeneration (around neck)
   (You found it on level 3 of the Dungeon)
 v - an uncursed ring of resist corrosion
   (You found it on level 5 of the Dungeon)
Wands
 o - a wand of confusion (36/48)
   (You found it on level 4 of the Dungeon)
 u - a wand of enslavement (17/24)
   (You found it on level 4 of the Lair of Beasts)
 w - a wand of acid (8/15)
   (You found it on level 1 of the Swamp)
 N - a wand of digging (12/24)
   (You found it on level 3 of the Swamp)
 Q - a wand of acid (7/15)
   (You found it on level 3 of the Lair of Beasts)
Scrolls
 b - 3 scrolls of immolation {!r}
 p - 2 scrolls of enchant armour {!r}
 q - 8 scrolls of identify {!r}
 t - 14 scrolls of remove curse {!r}
 B - 5 scrolls of magic mapping {!r}
 C - 2 scrolls of summoning {!r}
 D - 6 scrolls of amnesia {!r}
 F - 5 scrolls of recharging {!r}
 T - 2 scrolls of fear {!r}
 U - 5 scrolls of fog {!r}
 Z - 3 scrolls of silence {!r}
Potions
 d - 2 potions of resistance {!q}
 k - a potion of agility {!q}
 l - 5 potions of lignification {!q}
 s - 3 potions of cancellation {!q, unknown}
 x - 4 potions of curing {!q}
 E - 2 potions of flight {!q}
 G - 4 potions of brilliance {!q, unknown}
 J - 4 potions of magic {!q, unknown}
 K - a potion of haste {!q, unknown}
 L - a potion of beneficial mutation {!q, unknown}
 M - 2 potions of ambrosia {!q, unknown}
 W - a potion of cure mutation {!q, unknown}
Miscellaneous
 O - a phial of floods
   (You found it on level 3 of the Swamp)
Comestibles
 c - 14 bread rations
 f - 29 fruits
 n - 12 meat rations

Dungeon Overview and Level Annotations

Branches:
Dungeon (15/15)            Temple (0/1) D:5            Lair (6/6) D:8
  Swamp (3/4) Lair:4        Snake (3/4) Lair:2        Slime (0/5) Lair:6
    Orc (2/2) D:9             Elf (0/3) Orc:2        Vaults (0/5) D:13
 Depths (0/5) D:15

Altars:
Ashenzari
Fedhas
Gozag
Sif Muna
Trog
Uskayaw
Xom
Yredelemnul
Zin

Shops:
D:4 (   D:9 [(   D:14 [   Orc:2 %:?[   Snake:3 ?

Portals:
Pandemonium: Orc:2

Annotations:
D:3 exclusion: downstairs
D:4 exclusion: downstairs
D:6 exclusion: downstairs
D:9 exclusion: downstairs
Lair:3 exclusion: oklob plant
Snake:1 exclusion: downstairs
Snake:2 3 runed doors, exclusion: 2 downstairs
Abyss:1 Harold, Joseph, Nessos, Sonja

### ######
##...##.@N.###
#.....<.......#
.................
.................
.......>........#
...#####......###
## ######.# .#


You could see a nagaraja.


Message History

Damage: -2%(-3hp) hp: 50%(76hp) Unknown command.
You hit the nagaraja.
The nagaraja is heavily wounded.
You feel sick. The nagaraja spits poison at you.
You block the splash of poison.
* * * LOW HITPOINT WARNING * * *
The nagaraja constricts you.
Damage: -2%(-4hp) hp: 48%(72hp)
Your crystal plate armour prevents you from hitting the nagaraja.
The nagaraja is heavily wounded.
You feel sick. The nagaraja hits you with a halberd!
* * * LOW HITPOINT WARNING * * *
x2 The nagaraja constricts you.
Huge Dmg: -10%(-15hp) hp: 38%(57hp)
You barely miss the nagaraja.
The nagaraja is heavily wounded.
You feel sick.
The nagaraja hits you but does no damage.
* * * LOW HITPOINT WARNING * * *
The nagaraja constricts you.
Damage: -2%(-3hp) hp: 36%(54hp)
Your shield prevents you from hitting the nagaraja.
The nagaraja is heavily wounded.
You feel sick.
Damage: -1%(-1hp) hp: 35%(53hp)
You barely miss the nagaraja.
The nagaraja is heavily wounded.
You feel sick. You block the nagaraja's attack.
* * * LOW HITPOINT WARNING * * *
The nagaraja constricts you.
Damage: -4%(-6hp) hp: 31%(47hp)
You closely miss the nagaraja.
The nagaraja is heavily wounded.
You feel sick. You block the nagaraja's attack.
* * * LOW HITPOINT WARNING * * *
The nagaraja constricts you.
Damage: -4%(-7hp) hp: 27%(40hp)
You hit the nagaraja.
The nagaraja is heavily wounded.
You feel sick.
Damage: -2%(-2hp) hp: 25%(38hp)
You sock the nagaraja!
The nagaraja is heavily wounded.
You feel sick.
The nagaraja mumbles some strange words.
The nagaraja seems to speed up.
The nagaraja constricts you.
Press: ? - help, Shift-Dir - straight line, f - nagaraja
Aim: a nagaraja, wielding a halberd and wearing a robe (heavily wounded, constricting you, fast, chance to defeat MR: 4%)
The nagaraja resists with almost no effort.
You feel quite a bit more hungry.
You feel sick. The nagaraja spits poison at you. The splash of poison hits you!
You are more poisoned.
The nagaraja constricts you.
Damage: -0%(-1hp) hp: 25%(37hp)
Press: ? - help, Shift-Dir - straight line, f/p - nagaraja
Aim: a nagaraja, wielding a halberd and wearing a robe (heavily wounded, constricting you, fast, catching its breath, chance to defeat MR: 4%)
The nagaraja resists with almost no effort.
You feel somewhat more hungry.
You feel very sick. You block the nagaraja's attack.
* * * LOW HITPOINT WARNING * * *
The nagaraja constricts you.
The nagaraja hits you but does no damage.
The nagaraja constricts you.
Damage: -4%(-6hp) hp: 21%(31hp)
Press: ? - help, Shift-Dir - straight line, f/p - nagaraja
Aim: a nagaraja, wielding a halberd and wearing a robe (heavily wounded, constricting you, fast, catching its breath, chance to defeat MR: 4%)
Okay, then.
Really quaff
X - a potion of might {!q}?
You feel very mighty all of a sudden.
You feel sick.
The nagaraja hits you but does no damage.
The nagaraja constricts you.
A nagaraja is nearby!
Damage: -1%(-1hp) hp: 20%(30hp)
You sock the nagaraja!
The nagaraja is severely wounded.
You feel sick. The nagaraja spits poison at you.
You block the splash of poison. The nagaraja constricts you.
Damage: -1%(-1hp) hp: 19%(29hp)
You sock the nagaraja!
The nagaraja is severely wounded.
You feel sick. The nagaraja hits you with a halberd.
* * * LOW HITPOINT WARNING * * *
x2 The nagaraja constricts you.
Huge Dmg: -3%(-6hp) hp: 16%(23hp)
You closely miss the nagaraja.
The nagaraja is severely wounded.
You feel sick. The nagaraja hits you with a halberd!
* * * LOW HITPOINT WARNING * * *
The nagaraja constricts you.
Huge Dmg: -12%(-17hp) hp: 4%(6hp) Really quaff
x - 5 potions of curing {!q}?
You feel better. The nagaraja hits you with a halberd!
You die...

Vault maps used:
D:1:      erik_arrival_orb_chamber, serial_bayou_pond_d, minmay_lizard_king
D:2:      old_standard_altar, chequers_ecumenical_altar_simple, first_bread,
          st_stairs_7, kennysheep_generic_room_5
D:4:      fedhas_altar_1, serial_shops, nicolae_shop_behind_doors
D:5:      minmay_temple_entry_purple_smoke
D:6:      eat_drink_and_be_merry_uskayaw, nicolae_overflow_crystal_walls
D:7:      grunt_temple_overflow_open, uniq_prince_ribbit1, uniq_pikel
D:8:      david_lair_generic, the_bakery, uniq_joseph
D:9:      orc_david_3
D:10:     basic_altar
D:11:     serial_co_window_serial, co_window_paths_b, co_window_paths_b,
          co_window_of_opportunity_a, co_window_paths_a, co_window_paths_a,
          co_window_of_opportunity_a, co_window_paths_a, co_window_paths_c,
          co_window_corner_b, co_window_broadway_c, co_window_corner_ca,
          co_window_corner_cb, co_window_cross_2, co_window_4corner_a,
          co_window_paths_e, glass_columns_c, glass_columns_b, glass_columns_c
D:12:     lemuel_tele_altar, uniq_sonja, uniq_gastronok
D:13:     lightli_vaults_fourway_checkpoint
D:14:     serial_shops, nicolae_shop_stone
D:15:     grunt_enter_depths_snipers, serial_park_square2, serial_park_tiny_2
Lair:1:   lemuel_fruit_tree, uniq_fannar
Lair:2:   beast_lair_carwin_large_4, guppyfry_snake_entry_garden,
          serial_bayou_lagoon_a, uniq_urug
Lair:3:   lemuel_oklob_altar, infiniplex_staircase_pool
Lair:4:   swamp_mist_pool, basic_altar
Lair:6:   minmay_lair_end_frog_pond, dpeg_slime_entry_corner, basic_altar,
          serial_bayou_pond_d, st_stairs_4
Swamp:1:  nicolae_swamp_orc_logging_accident, nicolae_swamp_hydra_murder_den
Swamp:2:  serial_swamp_ruin, evilmike_swamp_ruin_house_6,
          evilmike_swamp_ruin_house_5, evilmike_swamp_ruin_rubble_1,
          swamp_pool2, cheibrodos_swamp_slimy
Swamp:3:  evilmike_swamp_ruin_house_4
Snake:1:  serial_shops, bzr_in_the_mist, grunt_megastairs_5
Snake:2:  nicolae_snake_horde_hoard, serial_bayou_shore_b
Snake:3:  serial_shops, shop
Orc:1:    uniq_nergalle, uniq_harold
Orc:2:    pf_orc_diabolical, uniq_nessos
Abyss:1:  hangedman_decor_points

Notes
Turn   | Place    | Note
-------+----------+-------------------------------------------
     0 | Abyss:1  | hairmachine the Formicid Abyssal Knight began the quest for the Orb.
     0 | Abyss:1  | Reached XP level 1. HP: 18/18 MP: 2/2
     3 | Abyss:1  | Found a corrupted altar of Lugonu.
    34 | D:1      | Escaped the Abyss
   231 | D:1      | Reached * piety under Lugonu
   333 | D:1      | Reached XP level 2. HP: 24/24 MP: 3/3
   557 | D:1      | Reached skill level 3 in Maces & Flails
   871 | D:1      | Reached XP level 3. HP: 27/29 MP: 4/4
  1278 | D:1      | Reached XP level 4. HP: 35/35 MP: 5/5
  1336 | D:1      | Reached skill level 4 in Maces & Flails
  1361 | D:1      | Reached ** piety under Lugonu
  1656 | D:2      | Found a faded altar of an unknown god.
  2381 | D:2      | Found a shattered altar of Ashenzari.
  2887 | D:2      | Reached XP level 5. HP: 19/41 MP: 6/6
  3556 | D:3      | Reached skill level 5 in Maces & Flails
  4283 | D:4      | Found Saubouf's Weapon Boutique.
  4296 | D:4      | Noticed an ogre
  4528 | D:4      | Reached XP level 6. HP: 38/47 MP: 7/7
  4705 | D:4      | Found a blossoming altar of Fedhas.
  4722 | D:4      | Noticed an ogre
  4738 | D:4      | Killed an ogre
  4738 | D:4      | Reached skill level 6 in Maces & Flails
  4951 | D:5      | Entered Level 5 of the Dungeon
  4951 | D:5      | Noticed a sky beast
  4957 | D:5      | Killed a sky beast
  4957 | D:5      | Reached XP level 7. HP: 52/52 MP: 8/8
  5114 | D:5      | Found a staircase to the Ecumenical Temple.
  5342 | D:5      | Reached skill level 7 in Maces & Flails
  5362 | D:5      | Reached *** piety under Lugonu
  5408 | D:5      | Reached XP level 8. HP: 55/61 MP: 9/9
  5668 | D:5      | Reached skill level 5 in Fighting
  5894 | D:5      | Reached skill level 8 in Maces & Flails
  6335 | D:6      | Reached XP level 9. HP: 47/70 MP: 11/11
  6536 | D:6      | Reached skill level 5 in Armour
  6579 | D:6      | Found a bloodstained altar of Trog.
  6964 | D:6      | Found a hide-covered altar of Uskayaw.
  7010 | D:6      | Reached **** piety under Lugonu
  7192 | D:6      | Reached skill level 9 in Maces & Flails
  7683 | D:7      | Noticed a hippogriff
  7757 | D:6      | Reached skill level 5 in Invocations
  7904 | D:7      | Noticed Prince Ribbit
  7918 | D:7      | You fall through a shaft for 3 floors!
  7918 | D:10     | Entered Level 10 of the Dungeon
  8214 | D:9      | Found Fucku's Weapon Boutique.
  8361 | D:7      | Reached XP level 10. HP: 79/79 MP: 14/14
  8626 | D:7      | Found a deep blue altar of Sif Muna.
  8661 | D:7      | Found a glowing silver altar of Zin.
  8661 | D:7      | Found a basalt altar of Yredelemnul.
  8953 | D:7      | Noticed Pikel
  8975 | D:7      | Killed Pikel
  9100 | D:7      | Reached skill level 10 in Maces & Flails
  9549 | D:8      | Noticed Joseph
  9550 | D:8      | Noticed an elephant
  9612 | D:7      | Banished Joseph
  9698 | D:7      | Killed Prince Ribbit
  9735 | D:8      | Killed an elephant
  9871 | D:8      | Found a staircase to the Lair.
  9936 | D:8      | Noticed a death yak
  9961 | D:8      | Banished a death yak
  9961 | D:8      | Reached XP level 11. HP: 63/89 MP: 11/16
 10437 | Lair:1   | Entered Level 1 of the Lair of Beasts
 10799 | Lair:1   | Noticed Fannar
 10964 | Lair:1   | Killed Fannar
 11180 | Lair:1   | Reached skill level 11 in Maces & Flails
 11236 | Lair:1   | Got a scorched dagger
 12354 | Lair:1   | Reached skill level 10 in Fighting
 12836 | Lair:2   | Noticed Urug
 12855 | Lair:2   | Killed Urug
 12855 | Lair:2   | Reached skill level 12 in Maces & Flails
 12855 | Lair:2   | Reached XP level 12. HP: 54/97 MP: 18/18
 12991 | Lair:2   | Reached skill level 5 in Shields
 13926 | Lair:2   | Found a staircase to the Snake Pit.
 14972 | Lair:2   | Reached skill level 13 in Maces & Flails
 15706 | Snake:1  | Entered Level 1 of the Snake Pit
 15912 | Lair:3   | Noticed an eight-headed hydra
 15921 | Lair:3   | Banished an eight-headed hydra
 16415 | Lair:3   | Found a shimmering altar of Xom.
 16478 | Lair:3   | Reached XP level 13. HP: 106/106 MP: 19/19
 17192 | Lair:4   | Found a staircase to the Swamp.
 17218 | Lair:4   | Noticed a six-headed hydra
 17231 | Lair:4   | Banished a six-headed hydra
 17311 | Lair:4   | Found a glowing silver altar of Zin.
 17340 | Lair:4   | Noticed wazuzu's ghost (journeyman OgWz)
 17414 | Lair:4   | Killed wazuzu's ghost
 17414 | Lair:4   | Reached skill level 10 in Armour
 17619 | Lair:4   | Reached skill level 14 in Maces & Flails
 18257 | Lair:5   | Noticed a five-headed hydra
 18274 | Lair:5   | Killed a five-headed hydra
 18747 | Lair:5   | Noticed a six-headed hydra
 18753 | Lair:5   | Banished a six-headed hydra
 19501 | Lair:6   | Entered Level 6 of the Lair of Beasts
 19674 | Lair:6   | Found a shattered altar of Ashenzari.
 19840 | Lair:6   | Reached skill level 15 in Maces & Flails
 19968 | Lair:6   | Found a staircase to the Slime Pits.
 20008 | Lair:6   | Reached XP level 14. HP: 110/116 MP: 20/20
 21561 | Lair:6   | Reached skill level 16 in Maces & Flails
 22396 | Lair:6   | Reached XP level 15. HP: 125/125 MP: 21/21
 22853 | Lair:6   | Got a flickering bone ring
 23107 | Lair:6   | Noticed an acid blob
 23485 | D:9      | Found a staircase to the Orcish Mines.
 23489 | D:9      | Found Monyosae's Armour Boutique.
 23526 | D:9      | Reached ***** piety under Lugonu
 23815 | D:9      | Identified the ring "Nuuvu" {rF++ Stlth-} (You found it on level 6 of the Lair of Beasts)
 24630 | D:10     | Found an opulent altar of Gozag.
 25320 | D:11     | Noticed Duskembrace's ghost (journeyman OpEn)
 25333 | D:11     | Killed Duskembrace's ghost
 25601 | D:11     | Noticed Graouh's ghost (journeyman MiFi)
 25614 | D:11     | Banished Graouh's ghost
 25847 | D:11     | Reached skill level 17 in Maces & Flails
 26806 | Orc:1    | Entered Level 1 of the Orcish Mines
 26904 | Orc:1    | Noticed Nergalle
 26917 | Orc:1    | Killed Nergalle
 26929 | Orc:1    | Noticed Harold
 26940 | Orc:1    | Banished Harold
 27132 | Orc:2    | Entered Level 2 of the Orcish Mines
 27378 | Orc:2    | Noticed Nessos
 27380 | Orc:2    | Banished Nessos
 27559 | Orc:2    | Found Jupsulas's Magic Scroll Shop.
 27566 | Orc:2    | Found Fampuh's Food Boutique.
 28077 | Orc:2    | Noticed an orc warlord
 28131 | Orc:2    | Banished an orc warlord
 28279 | Orc:2    | Found a staircase to the Elven Halls.
 28498 | Orc:2    | Reached ****** piety under Lugonu
 28812 | Orc:2    | Bought a scroll of magic mapping for 52 gold pieces
 28812 | Orc:2    | Bought a scroll of magic mapping for 52 gold pieces
 29811 | Orc:2    | Reached XP level 16. HP: 103/134 MP: 22/22
 30369 | Orc:2    | Found Ilangaar's Antique Armour Shoppe.
 30369 | Orc:2    | Found Dakesihu's Book Emporium.
 30370 | Orc:2    | Found a one-way gate leading to the halls of Pandemonium.
 30880 | D:12     | Noticed Gastronok
 30886 | D:12     | Killed Gastronok
 30912 | D:12     | Found a bloodstained altar of Trog.
 30912 | D:12     | Noticed Sonja
 30950 | D:12     | Banished Sonja
 31176 | D:12     | Reached skill level 15 in Fighting
 31253 | D:12     | Reached skill level 18 in Maces & Flails
 32310 | D:13     | Found a gate to the Vaults.
 33110 | D:13     | Reached skill level 10 in Invocations
 33272 | D:14     | Reached skill level 1 in Crossbows
 33704 | D:14     | Reached XP level 17. HP: 142/142 MP: 24/24
 34330 | D:14     | Found Estrem's Armour Shop.
 34354 | D:14     | Bought the cursed +0 pair of boots "Wasinilu" {rN+ Int+2} for 236 gold pieces
 34708 | D:15     | Entered Level 15 of the Dungeon
 35265 | D:15     | Found a staircase to the Depths.
 35292 | D:15     | Reached skill level 5 in Crossbows
 36149 | Swamp:1  | Entered Level 1 of the Swamp
 36584 | Swamp:1  | Upgraded the game from 0.20-a0-522-g0b37eee to 0.20-a0-526-g753eaab
 37511 | Swamp:2  | Noticed a tentacled monstrosity
 37526 | Swamp:2  | Killed a tentacled monstrosity
 38377 | Swamp:2  | Reached skill level 10 in Shields
 39307 | Swamp:3  | Reached XP level 18. HP: 136/151 MP: 25/25
 41479 | Snake:1  | Upgraded the game from 0.20-a0-526-g753eaab to 0.20-a0-537-g052e6ba
 41519 | Snake:2  | HP: 4/151 [guardian serpent/bolt of poison (18)]
 41523 | Snake:2  | HP: 1/151 [naga mage (3)]
 41527 | Abyss:1  | Found a corrupted altar of Lugonu.
 41700 | Snake:2  | Escaped the Abyss
 42756 | Snake:2  | Found a runed gate.
 42757 | Snake:2  | Found a runed gate.
 42758 | Snake:2  | Found a runed gate.
 44381 | Snake:3  | Found Fitil's Magic Scroll Shoppe.
 44545 | Snake:3  | HP: 6/153 [nagaraja/halberd (16)]
 44546 | Snake:3  | Slain by a nagaraja

Vanquished Creatures
  A tentacled monstrosity (Swamp:2)
  Gastronok (D:12)
  A very ugly thing (Swamp:2)
  The ghost of wazuzu the Cruncher, a journeyman OgWz of Ashenzari (Lair:4)
  A yaktaur captain (D:15)
  3 naga warriors (Snake:2)
  4 vault guards (D:13)
  14 hydras
  5 anacondas
  The ghost of Duskembrace the Bewitcher, a journeyman OpEn of Dithmenos (D:11)
  A catoblepas (D:15)
  5 centaur warriors
  4 two-headed ogres
  3 naga sharpshooters
  6 alligators
  5 orc high priests (Orc:2)
  Urug (Lair:2)
  A sun demon (Orc:2)
  2 shock serpents (Snake:2)
  Nergalle (Orc:1)
  An unseen horror (D:13)
  A sixfirhy (Abyss:1)
  3 gelid demonspawn (Orc:2)
  2 naga ritualists (Snake:2)
  Pikel (D:7)
  2 shambling mangroves
  7 orc knights
  6 mana vipers
  20 ugly things
  3 manticores
  2 deep elf magi (D:15)
  6 orc sorcerers
  6 cyclopes
  9 salamanders
  27 elephants
  2 guardian serpents (Snake:2)
  7 naga magi
  26 black mambas
  32 spiny frogs
  4 gargoyles
  4 kobold demonologists
  13 komodo dragons
  A rime drake (Lair:5)
  3 efreet
  A yaktaur (D:15)
  2 red devils
  9 trolls
  8 tyrant leeches
  3 meliai (D:15)
  8 hornets
  10 polar bears
  Prince Ribbit (D:7)
  7 slime creatures
  8 hippogriffs
  A meliai zombie (D:15)
  25 blink frogs
  3 bog bodies (Swamp:2)
  4 dream sheep
  A spriggan (Swamp:3)
  5 wraiths
  3 shadows
  77 yaks
  3 basilisks
  4 wyverns
  2 hungry ghosts
  A chaos spawn (Orc:2)
  A warg (Orc:2)
  29 vampire mosquitoes
  14 insubstantial wisps (Swamp:2)
  26 nagas
  9 water moccasins
  A soldier ant (D:14)
  An acid dragon (D:11)
  14 swamp worms
  8 porcupines
  2 swamp drakes
  4 sky beasts
  40 orc warriors
  9 black bears
  3 ice beasts
  2 eyes of draining
  A necrophage (D:7)
  4 phantoms
  4 slaves (D:7)
  12 centaurs
  5 boggarts (D:15)
  18 ogres
  14 crocodiles
  4 big kobolds
  23 bullfrogs
  A gnoll sergeant (D:4)
  3 scorpions
  10 killer bees
  3 howler monkeys
  5 wights
  5 crimson imps
  A bullfrog zombie (D:5)
  A quasit (D:13)
  A centaur zombie (D:9)
  35 orc priests
  3 bullfrog skeletons
  2 centaur skeletons
  8 hounds
  4 jellies
  25 orc wizards
  20 worker ants
  An iguana (D:14)
  A killer bee zombie (D:10)
  2 hound zombies (D:6)
  A hound skeleton (D:4)
  4 worker ant zombies
  3 gnolls
  11 adders
  4 shadow imps
  3 oozes
  An adder skeleton (D:6)
  4 adder zombies
  3 worms
  5 dart slugs
  8 leopard geckos
  87 orcs
  2 ball pythons
  6 giant cockroaches
  6 hobgoblins
  15 jackals
  5 quokkas
  4 bats
  11 frilled lizards
  8 goblins
  21 kobolds
  A leopard gecko skeleton (D:4)
  17 rats
  A fungus (Lair:6)
1045 creatures vanquished.

Vanquished Creatures (others)
  An orc warlord (Orc:2)
  The ghost of Graouh the Basher, a journeyman MiFi of Okawaru (D:11)
  Fannar (Lair:1)
  4 hydras
  2 orc high priests (Orc:2)
  A shock serpent (Snake:1)
  A naga ritualist (Snake:2)
  An ugly thing (D:14)
  2 spiny frogs
  2 tyrant leeches (Lair:6)
  3 blink frogs (Lair:2)
  A bog body (Swamp:2)
  A basilisk (Lair:6)
  A hungry ghost (D:8)
  An orc warrior (D:6)
  An orc priest (Orc:2)
  An orc wizard (D:5)
  2 bushes (Lair:6)
  33 fungi
  70 plants
  2 starspawn tentacles (Abyss:1)
132 creatures vanquished.

Grand Total: 1177 creatures vanquished

Action                   |  1- 3 |  4- 6 |  7- 9 | 10-12 | 13-15 | 16-18 || total
-------------------------+-------+-------+-------+-------+-------+-------++-------
Melee: Mace              |    91 |   106 |   247 |     5 |       |       ||   449
       Whip              |       |   152 |       |   196 |       |       ||   348
       Flail             |       |       |   265 |       |       |       ||   265
       Morningstar       |       |       |    23 |   130 |       |       ||   153
       Great mace        |       |       |       |   500 |   926 |   262 ||  1688
       Dire flail        |       |       |       |       |   772 |  1624 ||  2396
 Fire: Arbalest          |       |       |       |       |       |    93 ||    93
Throw: Stone             |     5 |    12 |     7 |       |       |       ||    24
Invok: Depart the Abyss  |     1 |       |       |       |       |     1 ||     2
       Banish            |       |       |     1 |    13 |    20 |    13 ||    47
       Bend Space        |       |       |       |       |     2 |       ||     2
       Enter the Abyss   |       |       |       |       |       |     1 ||     1
 Abil: Shaft Self        |       |       |     1 |       |       |     1 ||     2
       Dig               |       |       |       |     5 |     3 |     4 ||    12
Evoke: Wand              |       |     1 |     6 |     5 |     2 |     3 ||    17
  Use: Scroll            |       |     7 |     3 |     5 |    13 |     8 ||    36
       Potion            |       |     1 |       |     2 |     1 |     9 ||    13
 Stab: Confused          |       |     1 |     5 |     2 |       |       ||     8
  Eat: Chunk             |     1 |    12 |    12 |    30 |    45 |    33 ||   133
       Royal jelly       |       |       |       |     1 |     3 |     3 ||     7
       Bread ration      |       |       |       |       |       |     4 ||     4
Armor: Leather armour    |    21 |       |       |       |       |       ||    21
       Ring mail         |       |    81 |       |       |       |       ||    81
       Plate armour      |       |    33 |   385 |   475 |     5 |       ||   898
       Crystal plate arm |       |       |       |       |  1112 |  1107 ||  2219
Dodge: Dodged            |    49 |    90 |   151 |   248 |   315 |   253 ||  1106
Block: Buckler           |       |       |       |   113 |   309 |    68 ||   490
       Shield            |       |       |       |       |       |   549 ||   549
       Large shield      |       |       |       |       |       |   182 ||   182

Skill      XL: |  1  2  3  4  5  6  7  8  9 10 11 12 13 14 15 16 17 18 |
---------------+-------------------------------------------------------+-----
Maces & Flails | 3 4 5 6 7 8 9 10 12 13 15 16 17 18 | 18.6
Armour         | 4 6 7 8 9 11 12 13 14 | 14.8
Fighting       | 4 6 7 9 10 11 12 13 14 15 16 | 16.6
Invocations    | 3 5 7 8 10 | 10.0
Shields        | 4 5 10 11 | 11.8
Crossbows      | 2 7 8 |  8.3
Dodging        | |  0.8
